Unix xNetHack Version 8.0.0 - last build Jun 13 2023 01:05:28 (4b7ecc64c373f7294607d497be3f7ce1783331ac). Game began 2023-08-14 02:10:36, ended 2023-08-14 03:06:00. parasite, neutral male human Caveman -- .- ---. |... ---.# --...# ....#- -...-- #.%[.--- |).....-- | Never mind. You have a little trouble lifting Q - a hooded cloak {10}. You have a little trouble lifting T - a looking glass {13}. You have a little trouble lifting Y - a green gem {1}. There are several objects here. What do you want to drop? [$a-fhj-nq-yABD-Y or ?*] L You drop 4 cursed daggers named cursed ? {40}. What type of object do you want an inventory of? [$)*/%[(=? BUXP] ) A cloud of gas puts you to sleep! The soldier ant bites! The soldier ant misses! The soldier ant bites! The soldier ant stings! The soldier ant bites! The soldier ant stings! You die... Do you want your possessions identified? [ynq] (y) y Do you want to see your attributes? [ynq] (y) y Do you want an account of creatures vanquished? [ynaq] (y) y Do you want to see your conduct and achievements? [ynq] (y) y Do you want to see the dungeon overview? [ynq] (y) y Inventory: Inventory: 1032/990 weight (44/52 slots) Coins $ - 171 gold pieces {2} Weapons a - a blessed +1 club (weapon in hand) {30} b - a +2 sling (alternate weapon; not wielded) {3} j - 3 +0 orcish daggers {30} u - 8 +0 daggers {80} G - 20 +0 darts {20} P - a +0 copper dagger {10} W - 5 +0 dwarvish spears {175} Armor h - an uncursed +0 mithril dwarvish roundshield {62} l - an uncursed +0 dwarvish cloak {10} m - an uncursed +0 dwarvish cloak {10} A - an uncursed +0 leather light armor (being worn) {113} B - an uncursed +0 pair of water walking boots (being worn) {12} H - an uncursed +2 dwarvish helm (being worn) {30} J - an uncursed +0 leather dwarvish cloak {15} Q - a blessed +0 dwarvish cloak {10} Comestibles e - 2 uncursed lichen corpses {40} n - 5 uncursed pears {10} q - an uncursed clove of garlic {1} t - 6 uncursed food rations {120} v - an uncursed rotten tin of little dog meat {10} I - 2 uncursed fortune cookies {2} R - an uncursed egg {1} V - 3 uncursed apples {6} Scrolls D - an uncursed scroll of scare monster {5} Rings r - an uncursed ring of invisibility {3} S - an uncursed +2 ring of carrying (on left hand) {3} U - an uncursed ring of levitation {3} X - an uncursed ring of stealth {3} Wands d - a wand of light (0:13) {7} x - a wand of probing (0:4) {7} y - a wand of secret door detection (0:11) {7} E - a wand of striking (0:5) {7} Tools k - an uncursed wooden lock pick {1} K - a +0 pick-axe {100} N - an uncursed tallow candle {2} T - an uncursed mirror {13} Gems/Stones c - 28 uncursed flint stones (in quiver pouch) {56} f - an uncursed amethyst stone {1} s - 3 uncursed worthless pieces of blue glass {3} w - 3 uncursed worthless pieces of yellow glass {3} F - an uncursed agate stone {1} M - an uncursed emerald {1} O - 3 uncursed worthless pieces of black glass {3} Y - an uncursed worthless piece of green glass {1} Parasite the Caveman's attributes: Background: You were a Wanderer, a level 6 human Caveman. You were neutral, nominally on a mission for Ishtar who was opposed by Anu (lawful) and Anshar (chaotic). You were heterosexual. You were in the Gnomish Mines, on level 6. You entered the dungeon 4110 turns ago. It was nighttime. You had 443 experience points, 197 more were needed to attain level 7. Your score was 2203 before end-of-game adjustments. Basics: You had 0 out of 38 hit points. You had all 25 energy points (spell power). Your armor class was 3. Your wallet contained 171 zorkmids. Autopickup was on for '$"=?!/' plus thrown. Final Characteristics: Your strength was 18/02 (limit:18/100). Your dexterity was 14 (limit:18). Your constitution was 15 (limit:18). Your intelligence was 10 (limit:18). Your wisdom was 11 (limit:18). Your charisma was 8 (limit:18). Final Status: You were not hungry. You were burdened; movement was slightly slowed. You were wielding a club. You were skilled in club. Final Attributes: You were piously aligned. You could walk on water. You were warded. You are dead. Miscellaneous: You never encountered a bones level. Total elapsed playing time was 55 minutes and 20 seconds. Major events: Turn 1: parasite the neutral human Caveman entered the dungeon 859: attained the rank of Aborigine (level 3) 1860: entered the Gnomish Mines 3690: attained the rank of Wanderer (level 6) 4110: killed by a soldier ant, while sleeping Vanquished creatures: 2 shriekers 4 gnome leaders a straw golem a giant ant 2 floating eyes 4 dwarves a homunculus 8 hill orcs a giant bat 2 orc zombies 4 iguanas a coyote a gas spore 3 giant rats a yellow mold 16 gnomes a gnome zombie 5 jackals a fox 4 goblins 5 grid bugs 4 lichens 7 newts 79 creatures vanquished. No species were genocided or became extinct. Voluntary challenges: You were an atheist. You read items or engraved 3 times. You never genocided any monsters. You never polymorphed an object. You never changed form. You never touched an artifact. You used no wishes. You never scared an enemy with impunity. You were celibate. You never generated conflict. Achievements: You entered a shop. You attained the rank of Aborigine. You entered the Gnomish Mines. You attained the rank of Wanderer. Dungeon overview: The Dungeons of Doom: levels 1 to 5 Level 1: A fountain. Level 2: Some fountains, a tree. Level 3: A general store, some fountains. Level 4: A general store, a tree. Stairs down to The Gnomish Mines. Level 5: The Gnomish Mines: levels 5 to 6 Level 5: Level 6: <- You were here. Final resting place for you, killed by a soldier ant, while sleeping. Game over: __________ / \ / REST \ / IN \ / PEACE \ / \ | parasite | | 171 Au | | killed by a | | soldier ant | | | | | | 2023 | *| * * * | * _________)/\\_//(\/(/\)/\//\/|_)_______ Goodbye parasite the Caveman... You died in The Gnomish Mines on dungeon level 6 with 2186 points, and 171 pieces of gold, after 4110 moves. You were level 6 with a maximum of 38 hit points when you died.